 Dungeon Crawl Stone Soup version 0.28-a0-998-gb9e9c7b67e (webtiles) character file.

Game seed: 725793814312896694

46 ytrimaz the Digger (level 3, 0/22 HPs)
             Began as an Octopode Earth Elementalist on Dec 5, 2021.
             Shot with a stone by a goblin (3 damage)
             ... on level 3 of the Dungeon.
             The game lasted 00:02:33 (1498 turns).

ytrimaz the Digger (Octopode Earth Elementalist)    Turns: 1498, Time: 00:02:33

Health: 0/22       AC:  1    Str:  7    XL:     3   Next: 66%
Magic:  6/6        EV: 13    Int: 19    God:
Gold:   64         SH:  0    Dex: 18    Spells: 3/7 levels left

rFire   . . .      SeeInvis .   (no weapon)
rCold   + . .      Faith    .   (no shield)
rNeg    . . .      Spirit   .   (helmet restricted)
rPois   .          Reflect  .   (no amulet)
rElec   .          Harm     .   c - +6 ring of dexterity
rCorr   .          Rampage  .   (no ring)
Will    .....      Clarity  +   (no ring)
Stlth   +++.......              (no ring)
HPRegen 0.07/turn               (no ring)
MPRegen 0.10/turn               (no ring)
                                (no ring)
                                (no ring)

@: no status effects
A: almost no armour, amphibious, 8 rings, camouflage 1, gelatinous body 1,
(nimble swimmer 1), tentacles, clarity, cold resistance 1, MP-powered wands
a: no special abilities


You were on level 3 of the Dungeon.
You visited 1 branch of the dungeon, and saw 3 of its levels.

You collected 64 gold pieces.

Inventory:

Missiles
 b - 61 stones
Jewellery
 c - a +6 ring of dexterity (left tentacle)
Scrolls
 f - a scroll of noise {unknown}
Potions
 a - a potion of heal wounds {unknown}
 e - a potion of berserk rage {unknown}


   Skills:
 * Level 0.4 Fighting
 - Level 2.0 Dodging
 + Level 3.0 Stealth
 + Level 2.5 Spellcasting
 - Level 1.0 Transmutations
 + Level 3.9 Earth Magic


You had 3 spell levels left.
You knew the following spells:

 Your Spells              Type           Power      Damage    Failure   Level
a - Sandblast             Erth           34%        2d9       3%          1
b - Stone Arrow           Conj/Erth      18%        3d8       22%         3

Your spell library contained the following spells:

 Spells                   Type           Power      Damage    Failure   Level
 Passwall                 Tmut/Erth      9%         N/A       9%          2
 Petrify                  Tmut/Erth      11%        N/A       50%         4


Dungeon Overview and Level Annotations

Branches:
Dungeon (2/15)

Altars:
Zin

Annotations:
D:3 Natasha


Innate Abilities, Weirdness & Mutations

You cannot wear most types of armour.
You are amphibious.
You can wear up to eight rings at the same time.
Your skin changes colour to match your surroundings (Stealth+).
Your rubbery body absorbs attacks. (AC +1, EV +1)
((You are camouflaged near water. (Stealth+)))
You have tentacles for arms and can constrict up to eight enemies at once.
You possess an exceptional clarity of mind.
Your flesh is cold resistant. (rC+)
You expend magic power (3 MP) to strengthen your wands.


Message History

The helpless adder fails to defend itself.
You tentacle-slap the adder. Your grab misses the adder.
The adder is lightly wounded.
The adder bites you.
You miss the adder. Your grab misses the adder. You squeeze the adder.
The adder is heavily wounded.
The adder barely misses you. The adder bites you.
You are poisoned.
The adder poisons you!
You tentacle-slap the adder. You grab the adder. You squeeze the adder.
The adder is almost dead.
You constrict the adder.
You kill the adder!
You feel sick.
Your Stealth skill increases to level 3!
You feel sick.
The goblin shouts!
You hear an angry hiss.
You feel sick.
The goblin unwields a +0 club.
The goblin wields a +0 hunting sling.
The goblin shoots a stone.
The stone hits you.
You feel sick.
Found a stone staircase leading down.
You feel sick.
You feel sick.
You are no longer poisoned.
The goblin shoots a stone.
The stone misses you.
You are too injured to fight recklessly!
You are too injured to fight recklessly!
Natasha, Servant of Life and Death comes into view.
Natasha hisses angrily.
Natasha casts a spell.
You are too injured to fight recklessly!
You are too injured to fight recklessly!
Unknown command.
The goblin shoots a stone.
The stone hits you.
* * * LOW HITPOINT WARNING * * *
The goblin shoots a stone.
The stone completely misses you.
Found a stone staircase leading down.
Natasha casts a spell.
The goblin shoots a stone.
The stone hits you.
You die...

.......#.......##h.
#........._.......
#.....#.......#
#..##.....# #...##...##
#....##.## #####.......#
.#
...##....h..#######...##
...##......5g...@.......
..................>.....
...######.##...^........
...# #.#########...##
#### #.# ..># #.# ..#
#.# .# ..# .# ###


You could see Natasha, a crimson imp (summoned) and a goblin.

Vanquished Creatures
  An adder (D:3)
  A worm (D:2)
  A dart slug (D:1)
  2 endoplasms (D:1)
  A giant cockroach (D:2)
  A goblin (D:1)
  A hobgoblin (D:1)
  6 jackals (D:2)
  2 quokkas
  A ball python (D:1)
  4 bats
  2 frilled lizards (D:1)
  5 kobolds
  5 rats
33 creatures vanquished.

Notes
Turn   | Place    | Note
-------+----------+-------------------------------------------
     0 | D:1      | ytrimaz the Octopode Earth Elementalist began the quest for
                  | the Orb.
     0 | D:1      | Reached XP level 1. HP: 11/11 MP: 3/3
   229 | D:1      | Reached XP level 2. HP: 17/17 MP: 3/5
   414 | D:1      | Gained mutation: Your flesh is cold resistant. (rC+)
                  | [potion of mutation]
   414 | D:1      | Gained mutation: You possess an exceptional clarity of
                  | mind. [potion of mutation]
   414 | D:1      | Gained mutation: You expend magic power (3 MP) to
                  | strengthen your wands. [potion of mutation]
   778 | D:1      | Found a faded altar of an unknown god.
  1023 | D:2      | Reached XP level 3. HP: 21/21 MP: 2/6
  1405 | D:2      | Learned a level 3 spell: Stone Arrow
  1460 | D:2      | You fall into a shaft and drop 1 floor!
  1479 | D:3      | Found a glowing silver altar of Zin.
  1491 | D:3      | Noticed Natasha
  1498 | D:3      | Shot with a stone by a goblin

Illustrated notes

Levels and vault maps discovered:
D:1:      dpeg_arrival_lava_altar, layout_loops_ring,
          dilly_ecumenical_altar_fadedgnrine
D:2:      layout_loops_cross
D:3:      layout_loops_cross, lightli_temple_of_fire, lemuel_round_altar,
          mainiacjoe_overflow_surrounded_room, kennysheep_generic_room_14,
          uniq_natasha, uniq_crazy_yiuf_cottage, uniq_robin

Skill      XL: |  1  2  3 |
---------------+----------+-----
Stealth        | 3 |  3.0
Fighting       | |  0.4
Dodging        | |  2.0
Spellcasting   | |  2.5
Transmutations | |  1.0
Earth Magic    | |  3.9

Action                   || total
-------------------------++-------
Melee: Unarmed           ||    17
       Constrict         ||     6
       Tentacles         ||     5
 Cast: Sandblast         ||    35
  Use: Scroll            ||     2
       Potion            ||     1
 Stab: Sleeping          ||     3
Armor: Skin              ||     1
Dodge: Dodged            ||    16

Table legend: (Time is in decaauts)
 A = Elapsed time spent in this place.
 B = Non-inter-level travel time spent in this place.
 C = Inter-level travel time spent in this place.
 D = Time resting spent in this place.
 E = Time spent auto-exploring this place.
 F = Levels seen in this place.
 G = Mean time per level.
                   A        B        C        D        E       F      G
               +--------+--------+--------+--------+--------+-----+--------+
         Total |   1497 |   1466 |     31 |      0 |   1211 |   3 |  499.0 |
       Dungeon |   1497 |   1466 |     31 |      0 |   1211 |   3 |  499.0 |
               +--------+--------+--------+--------+--------+-----+--------+

Top non-repeatable levels by time:
     D:1: 902 daAuts
     D:2: 556 daAuts
     D:3: 37 daAuts
